 Dungeon Crawl Stone Soup version 0.22-a0-812-g4c1e2d5471 (webtiles) character file.

4 Htamos the Conjurer (level 1, 0/12 HPs)
             Began as a Tengu Conjurer on July 23, 2018.
             Slain by a giant cockroach (1 damage)
             ... on level 1 of the Dungeon.
             The game lasted 00:00:57 (296 turns).

Htamos the Conjurer (Tengu Conjurer)                 Turns: 296, Time: 00:00:58

Health: 0/12       AC:  2    Str:  8    XL:     1   Next: 60%
Magic:  4/4        EV: 12    Int: 15    God:
Gold:   32         SH:  0    Dex: 14    Spells: 3/4 levels left

rFire    . . .     SeeInvis .   (no weapon)
rCold    . . .     Gourm    .   (no shield)
rNeg     . . .     Faith    .   a - +0 robe
rPois    .         Spirit   .   (helmet restricted)
rElec    .         Reflect  .   (no cloak)
rCorr    .         Harm     .   (no gloves)
MR       .....                  (boots unavailable)
Stlth    ++........             (no amulet)
HPRegen  0.04/turn              (no ring)
MPRegen  0.09/turn              (no ring)

@: no status effects
A: beak, talons 3
a: no special abilities


You were on level 1 of the Dungeon.
You were not hungry.

You visited 1 branch of the dungeon, and saw 1 of its levels.

You collected 32 gold pieces.

Inventory:

Armour
 a - a +0 robe (worn)
Jewellery
 d - an uncursed ring of positive energy {unknown}
Scrolls
 e - 2 scrolls of enchant armour {unknown}
Comestibles
 c - a ration


   Skills:
 + Level 1.1 Fighting
 - Level 2.1 Dodging
 - Level 2.0 Stealth
 - Level 2.0 Spellcasting
 - Level 5.3 Conjurations


You had 3 spell levels left.
You knew the following spells:

 Your Spells              Type           Power        Failure   Level  Hunger
a - Magic Dart            Conj           ###.         2%          1    #......

Your spell library contained the following spells:

 Spells                   Type           Power        Failure   Level  Hunger
 Iskenderun's Mystic Bla  Conj           ###.....     26%         4    #####..
 Fulminant Prism          Conj/Hex       #.........   58%         4    #####..
 Dazzling Spray           Conj/Hex       #.....       22%         3    ###....
 Force Lance              Conj/Tloc      #.......     58%         4    #####..
 Searing Ray              Conj           ###...       3%          2    ###....


Dungeon Overview and Level Annotations

Branches:
Dungeon (1/15)

Altars:


Innate Abilities, Weirdness & Mutations

You have a beak for a mouth.
You have claws for feet.


Message History

The frilled lizard is heavily wounded.
The frilled lizard bites you.
* * * LOW HITPOINT WARNING * * *
You hit the frilled lizard.
You kill the frilled lizard!
The giant cockroach bites you.
* * * LOW HITPOINT WARNING * * *
You barely miss the giant cockroach. The giant cockroach barely misses you.
You hit the giant cockroach.
The giant cockroach is moderately wounded.
The giant cockroach barely misses you.
You hit the giant cockroach but do no damage.
You claw the giant cockroach.
The giant cockroach is severely wounded.
The giant cockroach bites you.
* * * LOW HITPOINT WARNING * * *
You hit the giant cockroach but do no damage.
The giant cockroach is severely wounded.
The giant cockroach bites you.
You die...

.......# #...##.# ≈≈##
.......# #...##.#≈§≈ ≈≈§§#
.......# #...##.#§≈≈
####≈≈≈§≈# ######## ##+###.#
≈≈≈≈#.<#≈≈§≈≈#
#†#≈§#≈§#..#§≈#§≈#
#K#≈§§≈§#§.#§≈§≈≈# #.
#K#≈§≈§§≈..§≈§§≈≈# #.#
#s##≈≈≈≈≈§.§≈≈≈§## #.#
#@##≈≈≈#§..§#≈≈§# #.#
#.###§≈§§§§§§≈≈## #.# #.#
###≈≈§.≈≈###
###.###.#######§'#####
.####.......................
.........................###
...#.#.#.......#.##.#.###
+.........#.#.##.#.#
#.#.#.#..##.#.......


You could see a giant cockroach and 2 kobolds.

Vanquished Creatures
  A goblin (D:1)
  A frilled lizard (D:1)
  3 rats (D:1)
5 creatures vanquished.

Notes
Turn   | Place    | Note
-------+----------+-------------------------------------------
     0 | D:1      | Htamos the Tengu Conjurer began the quest for the Orb.
     0 | D:1      | Reached XP level 1. HP: 10/10 MP: 4/4
   222 | D:1      | Reached skill level 1 in Fighting
   296 | D:1      | Slain by a giant cockroach

Vault maps used:
D:1:      lightli_molten_gateway, hangedman_glass_teeth, lemuel_another_geyser

Skill      XL: |  1 |
---------------+----+-----
Fighting       | 1 |  1.1
Dodging        | |  2.1
Stealth        | |  2.0
Spellcasting   | |  2.0
Conjurations   | |  5.3

Action                   || total
-------------------------++-------
Melee: Unarmed           ||    30
       Kick              ||     7
       Peck              ||     3
 Stab: Sleeping          ||     1
Armor: Robe              ||     2
Dodge: Dodged            ||    17

Table legend:
 A = Spawn XP
 B = Non-spawn XP
 C = Spawn XP percentage of total XP
 D = Spawn monster count
 E = Non-spawn monster count
 F = Spawn count percentage of total count
 G = Total turns spent on level
                    A         B        C        D         E        F      G
               +---------+---------+-------+---------+---------+-------+---------
         Total |       0 |       6 |   0.0 |       0 |       5 |   0.0 |   296
               +---------+---------+-------+---------+---------+-------+---------
           D:1 |       0 |       6 |   0.0 |       0 |       5 |   0.0 |   296
               +---------+---------+-------+---------+---------+-------+---------
